 Dungeon Crawl Stone Soup version 0.28.0-49-g6dfe1f597d (webtiles) character file.

Game seed: 17002895362278577502

1178 Peloso the Covered (level 8, -6/69 HPs)
             Began as a Minotaur Fighter on May 17, 2022.
             Killed from afar by an electric eel (13 damage)
             ... with a bolt of electricity
             ... on level 6 of the Dungeon.
             The game lasted 00:07:34 (4796 turns).

Peloso the Covered (Minotaur Fighter)               Turns: 4796, Time: 00:07:35

Health: -6/69      AC: 12    Str: 28    XL:     8   Next: 18%
Magic:  7/7        EV:  9    Int:  8    God:
Gold:   313        SH:  7    Dex: 12    Spells: 7/7 levels left

rFire   . . .      SeeInvis +   b - +5 whip of Fimbulwinter {drain, Fragile Str+7 Int+3 SInv}
rCold   . . .      Faith    .   c - +2 buckler
rNeg    . . .      Spirit   .   n - +0 chain mail
rPois   .          Reflect  .   (helmet restricted)
rElec   .          Harm     .   (no cloak)
rCorr   +          Rampage  .   (no gloves)
Will    .....                   k - +0 pair of boots
Stlth   ..........              (no amulet)
HPRegen 0.21/turn               o - ring of resist corrosion
MPRegen 0.10/turn               (no ring)

@: no status effects
A: horns 2, retaliatory headbutt
a: no special abilities


You were on level 6 of the Dungeon.
You visited 1 branch of the dungeon, and saw 6 of its levels.
You also visited: Sewer.

You collected 313 gold pieces.

Inventory:

Hand Weapons
 a - a +0 long sword
 b - the +5 whip of Fimbulwinter (weapon) {drain, Fragile Str+7 Int+3 SInv}
   (You found it on level 4 of the Dungeon)

   A truly terrible weapon, it drains the life of any living foe it strikes.
   Str:       It affects your strength (+7).
   Int:       It affects your intelligence (+3).
   SInv:      It lets you see invisible.
   Fragile:   It will be destroyed if unequipped.
Armour
 c - a +2 buckler (worn)
 k - a +0 pair of boots (worn)
 n - a +0 chain mail (worn)
Jewellery
 o - a ring of resist corrosion (left hand)
Wands
 x - a wand of polymorph (6)
 y - a wand of paralysis (11)
Scrolls
 e - 6 scrolls of identify {unknown}
 g - a scroll of silence {unknown}
 h - a scroll of amnesia {unknown}
 i - 3 scrolls of teleportation {unknown}
 l - a scroll of summoning {unknown}
 p - a scroll of torment {unknown}
 u - 6 scrolls of noise {unknown}
 v - a scroll of brand weapon {unknown}
Potions
 d - a potion of might
 f - 2 potions of lignification {unknown}
 j - 2 potions of curing {unknown}
 m - 2 potions of brilliance
 q - 2 potions of heal wounds {unknown}
 r - 5 potions of mutation {unknown}
 s - a potion of magic {unknown}
 t - a potion of invisibility {unknown}
 w - a potion of ambrosia {unknown}
 z - a potion of flight {unknown}
 A - a potion of resistance {unknown}


   Skills:
 + Level 5.4 Fighting
 + Level 6.2 Long Blades
 + Level 3.3 Maces & Flails
 + Level 7.5 Armour
 + Level 2.0 Dodging
 + Level 0.5 Stealth
 + Level 5.9 Shields


You had 7 spell levels left.
You didn't know any spells.
Your spell library contained the following spells:

 Spells                   Type           Power      Damage    Failure   Level
 Summon Small Mammal      Summ           0%         N/A       95%         1
 Call Canine Familiar     Summ           0%         N/A       100%        3
 Conjure Flame            Conj/Fire      0%         6-21      100%        3
 Ignite Poison            Fire/Tmut/Pois 0%         N/A       100%        3
 Portal Projectile        Hex/Tloc       0%         N/A       100%        3
 Summon Guardian Golem    Hex/Summ       0%         N/A       100%        3
 Leda's Liquefaction      Hex/Erth       0%         N/A       100%        4
 Sticky Flame             Conj/Fire      0%         2d3       100%        4


Dungeon Overview and Level Annotations

Branches:
Dungeon (6/15)              Sewer (visited)
 Temple: D:4-7

Altars:
Cheibriados
Dithmenos
Fedhas
Gozag
Kikubaaqudgha
Makhleb
Trog


Innate Abilities, Weirdness & Mutations

You have a pair of horns on your head.
You reflexively headbutt those who attack you in melee.


Message History

The electric eel shoots out a bolt of lightning at you!
The bolt of electricity hits you.
An electric eel is nearby!
An electric eel is nearby!
An electric eel is nearby!
The electric eel shoots out a bolt of lightning at you!
The bolt of electricity hits you!
An electric eel comes into view. x2
The electric eel shoots out a bolt of lightning at you!
The bolt of electricity hits you.
You hear a shout!
The electric eel shoots out a bolt of lightning at you!
The bolt of electricity hits you! 2 orc wizards come into view.
The orc wizard shouts!
The electric eel shoots out a bolt of lightning at you!
The bolt of electricity hits the electric eel.
The electric eel completely resists.
The bolt of electricity hits you but does no damage.
The electric eel shoots out a bolt of lightning at you!
The bolt of electricity hits you! x2
The bolt of electricity hits the electric eel.
The electric eel completely resists.
You hit the electric eel.
The electric eel is lightly wounded.
The electric eel shoots out a bolt of lightning at you!
The bolt of electricity hits the electric eel.
The electric eel completely resists.
The bolt of electricity hits you.
The electric eel shoots out a bolt of lightning at you!
The bolt of electricity hits you!
* * * LOW HITPOINT WARNING * * *
The bolt of electricity hits you!
* * * LOW HITPOINT WARNING * * *
The bolt of electricity hits the electric eel.
The electric eel completely resists.
You whack the electric eel! You headbutt the electric eel!
You kill the electric eel!
The electric eel shoots out a bolt of lightning at you!
The bolt of electricity hits you!
You die...

... #### #.. .... ##.
#.# #..# ... #.# #..#
#.. #.# #..#
#..###.#########..#♣
..................≈♣
............##....♣≈≈P
.....###....##.#@≈♣
.....# ###.####.≈S≈≈P≈≈≈
.....####...##.#≈≈≈≈≈S≈≈
........##.###..♣≈≈≈≈≈≈≈
(..#.###.### # # P≈≈≈≈≈≈
.....# ♣≈≈≈≈≈≈ #..#.#
≈≈≈≈≈≈ #..#... .. ≈≈≈≈≈≈
#..###....


You could see 2 electric eels.

Vanquished Creatures
  Sigmund (D:2)
  A sky beast (D:5)
  2 necrophages
  An ogre (D:4)
  A centaur (D:6)
  A kobold brigand (Sewer)
  A bullfrog (D:4)
  A scorpion (D:4)
  An electric eel (D:6)
  A hound (D:6)
  Ijyb (D:5)
  An iguana (D:5)
  Jessica (D:2)
  A bullfrog skeleton (D:5)
  Natasha (thrice) (D:3)
  3 gnolls (D:5)
  7 adders
  A shadow imp (D:4)
  An adder skeleton (D:4)
  2 worms
  4 dart slugs
  3 orcs
  8 ball pythons
  5 endoplasms
  7 giant cockroaches
  9 goblins
  5 hobgoblins
  18 kobolds
  6 quokkas
  4 bats
  3 frilled lizards
  A jackal skeleton (D:4)
  9 rats
114 creatures vanquished.

Vanquished Creatures (others)
  A fungus (Sewer)
  24 plants (D:6)
25 creatures vanquished.

Grand Total: 139 creatures vanquished

Notes
Turn   | Place    | Note
-------+----------+-------------------------------------------
     0 | D:1      | Peloso the Minotaur Fighter began the quest for the Orb.
     0 | D:1      | Reached XP level 1. HP: 19/19 MP: 0/0
    25 | D:1      | Found a faded altar of an unknown god.
   122 | D:1      | Reached XP level 2. HP: 27/27 MP: 1/1
   275 | D:1      | Reached skill level 4 in Armour
   604 | D:2      | Noticed Sigmund
   926 | D:3      | Reached XP level 3. HP: 33/33 MP: 2/2
  1005 | D:3      | Found a burning altar of Makhleb.
  1008 | D:3      | Found a snail-covered altar of Cheibriados.
  1008 | D:3      | Found a blossoming altar of Fedhas.
  1018 | D:3      | Found an ancient bone altar of Kikubaaqudgha.
  1167 | D:3      | Noticed Natasha
  1171 | D:3      | Killed Natasha
  1211 | D:3      | Reached XP level 4. HP: 39/40 MP: 3/3
  1425 | D:3      | Noticed Natasha
  1439 | D:3      | Killed Natasha
  1760 | D:4      | Noticed a necrophage
  1766 | D:4      | Killed a necrophage
  1767 | D:4      | Reached skill level 5 in Armour
  1767 | D:4      | Reached XP level 5. HP: 38/46 MP: 4/4
  1799 | D:4      | Reached skill level 1 in Dodging
  1821 | D:4      | Reached XP level 6. HP: 45/53 MP: 5/5
  1821 | D:4      | Found a glowing drain.
  1855 | Sewer    | Entered a sewer
  2217 | Sewer    | Reached skill level 6 in Armour
  2306 | D:4      | Identified the +5 whip of Fimbulwinter {drain, Fragile
                  | Str+7 Int+3 SInv}
  2399 | D:4      | Reached skill level 5 in Long Blades
  2415 | D:4      | Reached XP level 7. HP: 38/60 MP: 6/6
  2856 | D:3      | Noticed Natasha
  2863 | D:3      | Killed Natasha
  2993 | D:2      | Found an opulent altar of Gozag.
  2997 | D:2      | Noticed Jessica
  3002 | D:2      | Killed Jessica
  3003 | D:2      | Reached skill level 5 in Shields
  3153 | D:2      | Killed Sigmund
  3154 | D:2      | Reached skill level 5 in Fighting
  3154 | D:2      | Reached skill level 1 in Maces & Flails
  3454 | D:5      | Entered Level 5 of the Dungeon
  3454 | D:5      | Found a shadowy altar of Dithmenos.
  3605 | D:5      | Noticed Ijyb
  3664 | D:5      | Killed Ijyb
  4080 | D:5      | Reached skill level 7 in Armour
  4347 | D:5      | Found a bloodstained altar of Trog.
  4493 | D:6      | Reached XP level 8. HP: 58/68 MP: 7/7
  4796 | D:6      | Killed from afar by an electric eel

Illustrated notes

Levels and vault maps discovered:
D:1:      dpeg_arrival_pond, layout_rooms, ebering_ecumenical_altar_sacrificial
D:2:      layout_basic, basic_altar, uniq_jessica, uniq_sigmund
D:3:      layout_loops_ring, grunt_temple_overflow_open, uniq_natasha
D:4:      layout_rooms, portal_sewer_entry_f
D:5:      layout_loops_ring, lemuel_round_altar,
          mainiacjoe_overflow_tiny_flanked, hangedman_decor_slide_cut, uniq_ijyb
D:6:      layout_loops_ring, minmay_temple_entry_slanted, serial_bayou,
          serial_bayou_ford_a, serial_bayou_lake_a, serial_bayou_shore_b,
          serial_bayou_pond_a, serial_bayou_pond_c, nrook_loot_triangle,
          st_stairs_4, kennysheep_generic_room_8

Skill      XL: |  1  2  3  4  5  6  7  8 |
---------------+-------------------------+-----
Shields        | 4 5 |  5.9
Armour         | 4 5 6 7 |  7.5
Fighting       | 4 5 |  5.4
Long Blades    | 3 4 5 6 |  6.2
Dodging        | 1 2 |  2.0
Maces & Flails | 3 |  3.3
Stealth        | |  0.5

Action                   |  1- 3 |  4- 6 |  7- 9 || total
-------------------------+-------+-------+-------++-------
Melee: Long sword        |    61 |    89 |       ||   150
       Headbutt          |     9 |    17 |    20 ||    46
       Whip              |       |    13 |   114 ||   127
Armor: Scale mail        |    26 |       |       ||    26
       Chain mail        |     4 |    65 |    52 ||   121
Dodge: Dodged            |    39 |    36 |    40 ||   115
Block: Buckler           |    17 |    24 |    43 ||    84
